 Dungeon Crawl Stone Soup version 0.31-a0-986-g5e6e4ef867 (webtiles) character file.

Game seed: 13755227633149105363

9 Curundu the Trooper (level 2, -2/27 HPs)
             Began as a Minotaur Berserker on Nov 8, 2023.
             Was a Follower of Trog.
             Slain by a gnoll
             ... wielding a +0 spear
              (5 damage)
             ... on level 1 of the Dungeon.
             The game lasted 00:02:05 (360 turns).

Curundu the Trooper (Minotaur Berserker)             Turns: 360, Time: 00:02:06

Health: -2/27      AC:  2    Str: 21    XL:     2   Next: 3%
Magic:  1/1        EV: 12    Int:  4    God:    Trog [*.....]
Gold:   14         SH:  0    Dex:  9    Spells: 1/1 levels left

rFire   . . .        a - +0 mace
rCold   . . .        (no shield)
rNeg    . . .        b - +0 animal skin
rPois   .            (helmet restricted)
rElec   .            (no cloak)
rCorr   .            (no gloves)
SInv    .            (no boots)
Will    .....        (no amulet)
Stlth   +            (no ring)
HPRegen 0.24/turn    (no ring)
MPRegen 0.07/turn

%: no passive effects
@: no status effects
A: horns 2, retaliatory headbutt
a: Renounce Religion, Berserk


You were on level 1 of the Dungeon.
You worshipped Trog.
Trog was aware of your devotion.
You visited 1 branch of the dungeon, and saw 1 of its levels.

You collected 14 gold pieces.

Inventory:

Hand Weapons
 a - a +0 mace (weapon)
Armour
 b - a +0 animal skin (worn)
Potions
 c - a potion of curing {unknown}
 d - a potion of cancellation {unknown}


   Skills:
 + Level 3.9 Fighting
 + Level 3.9 Maces & Flails
 + Level 2.5 Armour
 + Level 2.3 Dodging


You had one spell level left.
You didn't know any spells.
Your spell library was empty.

Dungeon Overview and Level Annotations

Branches:
Dungeon (1/15)

Altars:


Innate Abilities, Weirdness & Mutations

You have a pair of horns on your head.
You reflexively headbutt those who attack you in melee.


Message History

You hit the kobold but do no damage. You headbutt the kobold.
You kill the kobold!
Trog accepts your kill.
You have reached level 2!
You see here a +0 club.
Found a stone staircase leading down.
A goblin comes into view. It is wielding a +0 dagger.
The goblin shouts!
You hear a shout! x2
A goblin comes into view. It is wielding a +0 club.
The goblin barely misses you.
A gnoll comes into view. It is wielding a +0 spear.
You barely miss the goblin. The goblin hits you with a +0 dagger.
A ball python comes into view.
The goblin closely misses you.
You closely miss the goblin.
The ball python hisses angrily.
Your headbutt misses the goblin. The goblin barely misses you.
You miss the goblin. Your headbutt misses the goblin. You hit the goblin.
Your headbutt misses the goblin.
The goblin is severely wounded.
The goblin closely misses you. The goblin barely misses you.
You closely miss the goblin.
The goblin is severely wounded.
The goblin hits you but does no damage.
A rat comes into view.
The goblin hits you with a +0 club.
The gnoll hits you from afar with a +0 spear!
You closely miss the goblin.
The goblin is severely wounded.
The goblin hits you with a +0 dagger. The goblin hits you with a +0 club.
* * * LOW HITPOINT WARNING * * *
The gnoll barely misses you.
The gnoll hits you from afar with a +0 spear.
* * * LOW HITPOINT WARNING * * *
The goblin completely misses you. x2
You closely miss the goblin.
The goblin is severely wounded.
The goblin barely misses you.
The gnoll hits you from afar with a +0 spear.
You die...

##### ....# ###.# # #.#
###.###########
..............####
......(.........g#######
#.....#######.##@ggS....
..............######....
......######..# ..
.#.[.## #..# ..#)## #>.#
.#..# #..# ....# #..#
.#.## #..# ..## #..#


You could see a gnoll, 2 goblins and a ball python.

Vanquished Creatures
  An endoplasm (D:1)
  3 hobgoblins (D:1)
  3 kobolds (D:1)
7 creatures vanquished.

Notes
Turn   | Place    | Note
-------+----------+-------------------------------------------
     0 | D:1      | Curundu the Minotaur Berserker began the quest for the Orb.
     0 | D:1      | Reached XP level 1. HP: 19/19 MP: 0/0
   292 | D:1      | Reached XP level 2. HP: 27/27 MP: 1/1
   360 | D:1      | Slain by a gnoll

Illustrated notes

Levels and vault maps discovered:
D:1:      lemuel_arrival_room, layout_loops_ring, kennysheep_decorative_pillar,
          kennysheep_doodads

Action                     || total
---------------------------++-------
  Melee: Mace              ||    20
         Headbutt          ||     3
 Armour: Animal skin       ||    16
  Dodge: Dodged            ||    17

Table legend: (Time is in decaauts)
 A = Elapsed time spent in this place.
 B = Non-inter-level travel time spent in this place.
 C = Inter-level travel time spent in this place.
 D = Time resting spent in this place.
 E = Time spent auto-exploring this place.
 F = Levels seen in this place.
 G = Mean time per level.
                   A        B        C        D        E       F      G
               +--------+--------+--------+--------+--------+-----+--------+
         Total |    364 |    364 |      0 |     72 |      0 |   1 |  364.0 |
       Dungeon |    364 |    364 |      0 |     72 |      0 |   1 |  364.0 |
               +--------+--------+--------+--------+--------+-----+--------+

Top non-repeatable levels by time:
     D:1: 364 daAuts
